[Event "ICC tourney 2413 (45 10)"]
[Site "Internet Chess Club"]
[Date "2021.02.27"]
[Round "1"]
[White "WONG, WYATT:MYMChessWyatt"]
[Black "MERCER, LOGAN WILSON:LoganMercer"]
[Result "1-0"]
[ICCResult "Black resigns"]
[WhiteElo "1284"]
[BlackElo "1551"]
[Opening "Sicilian defense"]
[ECO "B33"]
[NIC "SI.34"]
[Time "11:03:40"]
[PlyCount "81"]
[TimeControl "2700+10"]

1. e4 c5 2. Nf3 Nc6 3. d4 cxd4 4. Nxd4 Nf6 5. Nc3 e6 6. Ndb5 Qa5 7. Bd2 Qd8
8. Bf4 e5 9. Bg5 Be7 10. Nd6+ Bxd6 11. Qxd6 Qb6 12. Nb5 Qa5+ 13. c3 Rb8 14.
b4 Qb6 15. Be3 Nxe4 16. Nc7+ Kd8 17. Ne6+ fxe6 18. Bxb6+ axb6 19. Qd3 Nf6
20. b5 Ne7 21. Qd6 Ra8 22. Qxb6+ Ke8 23. c4 Kf7 24. Be2 d5 25. c5 d4 26. c6
Nfd5 27. Qc5 bxc6 28. bxc6 Ba6 29. Bg4 Rhc8 30. Qd6 Rxc6 31. Qxe5 Rac8 32.
Qxd4 Rc1+ 33. Rxc1 Rxc1+ 34. Bd1 Nc6 35. Qe4 Ncb4 36. Qf3+ Ke7 37. Qg3 Kf7
38. Qg5 Rb1 39. Qh5+ Ke7 40. Qxh7 Nxa2 41. Qxb1 { Black resigns } 1-0

[Event "ICC tourney 2413 (45 10)"]
[Site "Internet Chess Club"]
[Date "2021.02.27"]
[Round "1"]
[White "Li, Jingtu Oscar:ZYCON"]
[Black "MARTINEZ, ABEL:abelMZ084"]
[Result "1-0"]
[ICCResult "Black forfeits on time"]
[WhiteElo "1458"]
[BlackElo "1667"]
[Opening "Queen's gambit declined"]
[ECO "D30"]
[NIC "QP.08"]
[Time "11:03:20"]
[PlyCount "73"]
[TimeControl "2700+10"]

1. d4 d5 2. c4 e6 3. Nf3 Nf6 4. e3 Nbd7 5. Bd3 Be7 6. O-O O-O 7. Nc3 b6 8.
cxd5 exd5 9. e4 dxe4 10. Nxe4 Bb7 11. Re1 Re8 12. Bd2 Nf8 13. Bc3 Qd5 14.
Nxf6+ Bxf6 15. Qc2 Ng6 16. Bxg6 hxg6 17. h3 Qh5 18. Nh2 Qd5 19. Nf3 Kh7 20.
Qb3 Qxb3 21. axb3 a5 22. Nd2 Rad8 23. Rxe8 Rxe8 24. Nc4 Re4 25. Rd1 g5 26.
Kh2 g4 27. hxg4 Rxg4 28. f3 Rh4+ 29. Kg3 g5 30. d5 Be7 31. d6 cxd6 32. Nxd6
Bc6 33. Nf5 Bc5 34. Nxh4 gxh4+ 35. Kxh4 Bf2+ 36. Kh5 f5 37. Rd8 { Black
forfeits on time } 1-0

[Event "ICC tourney 2413 (45 10)"]
[Site "Internet Chess Club"]
[Date "2021.02.27"]
[Round "2"]
[White "VALE CRUZ, ARMIN:trucker"]
[Black "REMPE, LENNIK:Kokosnuss1000"]
[Result "1-0"]
[ICCResult "Black resigns"]
[WhiteElo "1640"]
[BlackElo "1400"]
[Opening "Ruy Lopez: Anderssen variation"]
[ECO "C77"]
[NIC "RL.12"]
[Time "13:32:13"]
[PlyCount "33"]
[TimeControl "2700+10"]

1. e4 e5 2. Nf3 Nc6 3. Bb5 a6 4. Ba4 Nf6 5. d3 b5 6. Bb3 Be7 7. O-O d6 8.
c3 Bg4 9. h3 Bh5 10. Nbd2 O-O 11. Re1 b4 12. Nf1 bxc3 13. bxc3 d5 14. Ng3
Bg6 15. Ba4 Qd7 16. Nxe5 Qd6 17. Nxc6 { Black resigns } 1-0

[Event "ICC tourney 2413 (45 10)"]
[Site "Internet Chess Club"]
[Date "2021.02.27"]
[Round "2"]
[White "HE, JUSTIN:Justinboi"]
[Black "BASTIANI-FONCK, CLAUDIO:Cbf577"]
[Result "1-0"]
[ICCResult "Black resigns"]
[WhiteElo "1531"]
[BlackElo "1377"]
[Opening "Sicilian"]
[ECO "B54"]
[NIC "SI.01"]
[Time "13:31:30"]
[PlyCount "52"]
[TimeControl "2700+10"]

1. e4 c5 2. Nf3 d6 3. d4 cxd4 4. Nxd4 Nc6 5. Nxc6 bxc6 6. Nc3 Nf6 7. Bd3 e5
8. Bg5 Be7 9. O-O O-O 10. Re1 Nxe4 11. Bxe4 Bxg5 12. Bxc6 Rb8 13. Rb1 Qc7
14. Bf3 Be6 15. Bd5 Bxd5 16. Qxd5 Bd2 17. Qxd2 Rfe8 18. Red1 Rbd8 19. Nd5
Qc4 20. Ne3 Qxa2 21. Qd5 Qa6 22. b3 g6 23. Nc4 Kf8 24. Ra1 Qc8 25. Rxa7 Re6
26. Rda1 Qb8 { Black resigns } 1-0

[Event "ICC tourney 2413 (45 10)"]
[Site "Internet Chess Club"]
[Date "2021.02.27"]
[Round "2"]
[White "GINZBURG, LIORA:Liopleuradon15"]
[Black "Goldblatt, Steven:SGOLD9367"]
[Result "1-0"]
[ICCResult "Black resigns"]
[WhiteElo "1448"]
[BlackElo "1173"]
[Opening "QGD: 4.Nf3"]
[ECO "D37"]
[NIC "QP.09"]
[Time "13:31:37"]
[PlyCount "37"]
[TimeControl "2700+10"]

1. Nf3 d5 2. d4 Nf6 3. c4 e6 4. Nc3 Be7 5. e3 O-O 6. Bd3 Nc6 7. a3 Bd7 8.
O-O a6 9. b4 dxc4 10. Bxc4 b6 11. Bd2 Ne8 12. Bd3 Nd6 13. Ne4 b5 14. Rc1
Rc8 15. Nc5 Ra8 16. Ne5 Bf6 17. Nexd7 Be7 18. Nxf8 Bxf8 19. Nxe6 { Black
resigns } 1-0

[Event "ICC tourney 2413 (45 10)"]
[Site "Internet Chess Club"]
[Date "2021.02.27"]
[Round "2"]
[White "JING, ANDREW:andrewj508"]
[Black "MURALI, RISHI:RishiMurali"]
[Result "0-1"]
[ICCResult "White checkmated"]
[WhiteElo "1305"]
[BlackElo "1606"]
[Opening "Sicilian: closed"]
[ECO "B23"]
[NIC "SI.44"]
[Time "13:31:25"]
[PlyCount "92"]
[TimeControl "2700+10"]

1. e4 c5 2. Nc3 e6 3. f4 d5 4. d3 Nc6 5. Nf3 g6 6. g3 Bg7 7. e5 f6 8. exf6
Nxf6 9. Bg2 O-O 10. O-O Qb6 11. Kh1 Ng4 12. h3 Nh6 13. Kh2 Qc7 14. Re1 a6
15. Ng5 Nd8 16. Qf3 Bd7 17. Bd2 Re8 18. h4 Bc6 19. Qf1 Ng4+ 20. Kg1 Qb6 21.
Kh1 Qxb2 22. Rab1 Qxc2 23. Red1 Bxc3 24. Rbc1 Qxa2 25. Rxc3 Ba4 26. Kg1
Bxd1 27. Qxd1 d4 28. Rxc5 Ne3 29. Bxe3 dxe3 30. Rc7 h6 31. Nh7 Nf7 32. Qg4
Qa1+ 33. Kh2 Qg7 34. h5 g5 35. fxg5 hxg5 36. Be4 Rec8 37. Rxb7 Rc2+ 38. Kh3
e2 39. Rb1 Re8 40. Bg6 Ne5 41. Qe4 g4+ 42. Kh4 Qe7+ 43. Ng5 e1=Q 44. Bf7+
Nxf7 45. Qh7+ Kf8 46. Rxe1 Qxg5# { White checkmated } 0-1

[Event "ICC tourney 2413 (45 10)"]
[Site "Internet Chess Club"]
[Date "2021.02.27"]
[Round "2"]
[White "BAI, JEFFREY:Jeffchess"]
[Black "TIPPA, ASWATH SRISAI:IGMin2023"]
[Result "1-0"]
[ICCResult "Black checkmated"]
[WhiteElo "1227"]
[BlackElo "932"]
[Opening "two knights defense: Maróczy variation"]
[ECO "C58"]
[NIC "KP.01"]
[Time "13:31:38"]
[PlyCount "95"]
[TimeControl "2700+10"]

1. e4 e5 2. Nf3 Nc6 3. Bc4 Nf6 4. Ng5 d5 5. exd5 Na5 6. d3 Nxc4 7. dxc4 h6
8. Nf3 e4 9. Qe2 Be7 10. Nfd2 Bg4 11. f3 exf3 12. gxf3 Bh5 13. Nc3 Nd7 14.
Nce4 O-O 15. Rg1 Bg6 16. Qg2 Bh4+ 17. Kd1 Re8 18. c3 Nf6 19. Kc2 Nxe4 20.
Nxe4 Qf6 21. Qxg6 Qxg6 22. Rxg6 fxg6 23. Bf4 Rf8 24. Bxc7 Rxf3 25. d6 Bd8
26. Rd1 Rf7 27. Bxd8 Rxd8 28. c5 Kf8 29. Kb3 Ke8 30. Kc4 Kd7 31. Kb5 Kc8
32. a4 Kb8 33. b4 g5 34. Ng3 Rf2 35. c6 bxc6+ 36. Kxc6 Rxh2 37. d7 Rc2 38.
Rd3 Ra2 39. a5 Rf2 40. Ne4 Rf4 41. Re3 g4 42. Kd6 Rf7 43. Nc5 h5 44. Re8
Rf8 45. Re5 g6 46. Ne6 Rfe8 47. Rb5+ Ka8 48. Nc7# { Black checkmated } 1-0

[Event "ICC tourney 2413 (45 10)"]
[Site "Internet Chess Club"]
[Date "2021.02.27"]
[Round "2"]
[White "ATLURI, PRATHIK:ChessStar22"]
[Black "AHUJA, AAKASH MOHAN:aakashjr"]
[Result "0-1"]
[ICCResult "White checkmated"]
[WhiteElo "1378"]
[BlackElo "1586"]
[Opening "QGD: 4.Nf3"]
[ECO "D37"]
[NIC "QO.16"]
[Time "13:32:06"]
[PlyCount "142"]
[TimeControl "2700+10"]

1. d4 d5 2. c4 e6 3. Nc3 Nf6 4. Nf3 Nc6 5. Bg5 Be7 6. cxd5 Nxd5 7. Bxe7
Ndxe7 8. a3 O-O 9. e3 b6 10. g3 Bb7 11. Bg2 Nf5 12. O-O Qe7 13. Re1 Rad8
14. Qc2 Qd7 15. Rad1 h6 16. Bh3 Nb4 17. Qe2 Ba6 18. Qd2 Nd3 19. Rf1 Qc6 20.
d5 Qd6 21. e4 Ne7 22. e5 Nxe5 23. Nxe5 Bxf1 24. Nxf7 Rxf7 25. Kxf1 Nxd5 26.
Re1 Nxc3 27. Qxc3 Re7 28. Bg4 Qd3+ 29. Qxd3 Rxd3 30. Bxe6+ Kf8 31. Bc4
Rxe1+ 32. Kxe1 Rd4 33. b3 c6 34. a4 Ke7 35. Ke2 Kd6 36. Ke3 c5 37. h4 Ke5
38. f4+ Kf5 39. Be2 Re4+ 40. Kf3 Rxe2 41. Kxe2 Kg4 42. Kf2 a6 43. Kg2 b5
44. axb5 axb5 45. Kf2 c4 46. bxc4 bxc4 47. f5 Kxf5 48. Kf3 c3 49. g4+ Ke5
50. Ke3 c2 51. Kd2 Kf4 52. g5 h5 53. Kxc2 Kg4 54. g6 Kxh4 55. Kd3 Kg5 56.
Ke3 Kxg6 57. Kf4 Kf6 58. Kg3 g5 59. Kf3 Kf5 60. Kg3 h4+ 61. Kf3 g4+ 62. Kg2
Kf4 63. Kf2 g3+ 64. Kg2 Kg4 65. Kg1 h3 66. Kf1 g2+ 67. Kg1 Kf3 68. Kh2 Kf2
69. Kxh3 g1=Q 70. Kh4 Qg6 71. Kh3 Qg3# { White checkmated } 0-1

[Event "ICC tourney 2413 (45 10)"]
[Site "Internet Chess Club"]
[Date "2021.02.27"]
[Round "2"]
[White "LAIDO, OLIVIA:beibeiolivia"]
[Black "PAN, CHRIS:Chris0708"]
[Result "0-1"]
[ICCResult "White checkmated"]
[WhiteElo "1461"]
[BlackElo "1297"]
[Opening "Giuoco Pianissimo"]
[ECO "C55"]
[NIC "IG.01"]
[Time "13:31:19"]
[PlyCount "104"]
[TimeControl "2700+10"]

1. e4 e5 2. Nf3 Nc6 3. Bc4 Nf6 4. d3 Bc5 5. c3 O-O 6. Nbd2 d6 7. Nf1 Ng4 8.
Ne3 Nxe3 9. Bxe3 Bb6 10. O-O Be6 11. Bb3 Re8 12. Re1 d5 13. Bxb6 axb6 14.
exd5 Bxd5 15. d4 e4 16. Nd2 Na5 17. Bc2 f5 18. Nf1 Qg5 19. Qd2 Qxd2 20.
Nxd2 Nc4 21. Nxc4 Bxc4 22. b3 Bd5 23. c4 Bf7 24. Kf1 Rad8 25. Rad1 c6 26.
f3 exf3 27. gxf3 g6 28. Kf2 Rxe1 29. Kxe1 Ra8 30. Bb1 b5 31. cxb5 cxb5 32.
Rd2 Bd5 33. Kf2 Kg7 34. Bd3 Ra5 35. Kg3 Kf6 36. f4 Ke6 37. Re2+ Kd6 38. Kh4
h6 39. Kg3 Kc6 40. h4 h5 41. Kf2 b6 42. Ke1 b4 43. Bb1 b5 44. Re3 Kb6 45.
Re7 Bxb3 46. Bxf5 Rxa2 47. Bxg6 Rg2 48. Bxh5 Bc4 49. Be2 b3 50. Bh5 b2 51.
f5 b1=Q+ 52. Bd1 Qb4# { White checkmated } 0-1

[Event "ICC tourney 2413 (45 10)"]
[Site "Internet Chess Club"]
[Date "2021.02.27"]
[Round "2"]
[White "MERCER, LOGAN WILSON:LoganMercer"]
[Black "WANG, LEONARDO:Leowang"]
[Result "1-0"]
[ICCResult "Black checkmated"]
[WhiteElo "1551"]
[BlackElo "1382"]
[Opening "Queen's pawn, Mason variation"]
[ECO "D00"]
[NIC "QP.08"]
[Time "13:32:13"]
[PlyCount "147"]
[TimeControl "2700+10"]

1. d4 d5 2. Bf4 Nf6 3. c4 e6 4. Nf3 c5 5. Nc3 Nc6 6. e3 a6 7. Be2 dxc4 8.
Bxc4 b5 9. Bb3 c4 10. Bc2 Bb7 11. O-O Be7 12. a4 b4 13. Ne4 Nxe4 14. Bxe4
a5 15. Qc2 f5 16. Bxc6+ Bxc6 17. Qxc4 Bd7 18. Ne5 Rc8 19. Qe2 O-O 20. Nc4
Bc6 21. b3 Bd5 22. Rac1 Bxc4 23. Rxc4 Qd7 24. Rfc1 Rfe8 25. Rc7 Rxc7 26.
Rxc7 Qd5 27. Qc4 Qe4 28. h3 Bd8 29. Qc6 Qxc6 30. Rxc6 h6 31. Kf1 Kf7 32.
Bc7 Kf6 33. Bxd8+ Rxd8 34. Rc5 Ra8 35. Ke2 Ra7 36. Kd3 Ke7 37. Kc4 Kd6 38.
f4 g5 39. Kb5 gxf4 40. exf4 Rg7 41. Kxa5 Rxg2 42. Kxb4 Rf2 43. a5 Rxf4 44.
Kc4 Rf3 45. a6 Rg3 46. b4 f4 47. a7 Rg8 48. b5 f3 49. Rc6+ Kd7 50. Kd3 f2
51. Ke2 Rf8 52. Kf1 h5 53. Ra6 Ra8 54. Kxf2 Kc7 55. Rxe6 Kd7 56. Ra6 Kc7
57. Ke3 Kb7 58. d5 Re8+ 59. Kd4 Ra8 60. Kc5 Rxa7 61. Rxa7+ Kxa7 62. Kc6 h4
63. d6 Kb8 64. Kd7 Kb7 65. Ke7 Kc8 66. d7+ Kc7 67. d8=Q+ Kb7 68. Kd6 Ka7
69. b6+ Ka6 70. b7 Kxb7 71. Qc7+ Ka6 72. Qb8 Ka5 73. Kc5 Ka4 74. Qb4# {
Black checkmated } 1-0

[Event "ICC tourney 2413 (45 10)"]
[Site "Internet Chess Club"]
[Date "2021.02.27"]
[Round "2"]
[White "HU, ANGELA:AngelaIL203"]
[Black "HEBBAR, ESHAAN:solveur"]
[Result "0-1"]
[ICCResult "White checkmated"]
[WhiteElo "1228"]
[BlackElo "1560"]
[Opening "Giuoco Piano"]
[ECO "C50"]
[NIC "IG.02"]
[Time "13:32:13"]
[PlyCount "96"]
[TimeControl "2700+10"]

1. e4 e5 2. Nf3 Nc6 3. Bc4 Bc5 4. O-O Nf6 5. Nc3 O-O 6. d3 h6 7. Be3 Bb6 8.
h3 d6 9. Qd2 Be6 10. Bb3 Nh7 11. Rad1 Qf6 12. d4 Bxh3 13. Kh2 Bg4 14. Qe2
Bxf3 15. Qxf3 Qxf3 16. gxf3 exd4 17. Na4 dxe3 18. fxe3 Bxe3 19. f4 Rfe8 20.
Bd5 Nf6 21. Bxc6 bxc6 22. Nc3 Nxe4 23. Nxe4 Rxe4 24. f5 Rae8 25. Kg3 R8e5
26. c3 Bb6 27. Rf3 Re3 28. Rxe3 Rxe3+ 29. Kf4 Re2 30. b4 Rxa2 31. Rh1 Rc2
32. Rh3 c5 33. bxc5 Bxc5 34. f6 Rf2+ 35. Rf3 Rxf3+ 36. Kxf3 a5 37. fxg7 a4
38. Ke2 a3 39. Kd2 a2 40. Kd3 a1=Q 41. Ke4 Qxc3 42. Kf5 Qe3 43. Kg4 Qe5 44.
Kf3 Kxg7 45. Kg4 f5+ 46. Kf3 Qd4 47. Ke2 Qe3+ 48. Kf1 Qf2# { White
checkmated } 0-1

[Event "ICC tourney 2413 (45 10)"]
[Site "Internet Chess Club"]
[Date "2021.02.27"]
[Round "2"]
[White "LOU, ELIJAH:ElijahL2020"]
[Black "LUSSIE, ALEXANDRA:Alycatheawesome"]
[Result "0-1"]
[ICCResult "White resigns"]
[WhiteElo "1237"]
[BlackElo "1421"]
[Opening "Scandinavian: Pytel-Wade variation"]
[ECO "B01"]
[NIC "SD.02"]
[Time "13:32:13"]
[PlyCount "118"]
[TimeControl "2700+10"]

1. e4 d5 2. exd5 Qxd5 3. Nc3 Qd6 4. d4 Nf6 5. Be3 c6 6. Nf3 Bg4 7. Be2 Nbd7
8. h3 Bh5 9. Qd2 e6 10. Bf4 Qb4 11. Rb1 Be7 12. a3 Qb6 13. Na4 Qd8 14. b4
O-O 15. Nb2 Nd5 16. c4 Nxf4 17. Qxf4 Nb6 18. Nd1 Bxf3 19. gxf3 Bg5 20. Qe4
Re8 21. Ne3 Bf6 22. Nc2 Qd7 23. f4 Rad8 24. Rd1 Na4 25. Qe3 b5 26. c5 Nb2
27. Rd2 Qd5 28. Rg1 Qa2 29. f3 Rd7 30. Kf2 Nc4 31. Bxc4 Qxc4 32. Qd3 Qxd3
33. Rxd3 Red8 34. Rgd1 g5 35. fxg5 Bxg5 36. Kg3 Bf6 37. f4 Bg7 38. h4 f6
39. Kg4 e5 40. fxe5 fxe5 41. Kf3 exd4 42. Kg3 Bf6 43. Rf1 Rg7+ 44. Kh3 Be5
45. Rf2 Rf7 46. Rxf7 Kxf7 47. Kg4 Kg6 48. h5+ Kh6 49. Kh4 Bf6+ 50. Kg4 Rd5
51. Rd2 d3 52. Ne3 Rd4+ 53. Kg3 Kxh5 54. Ng2 Bg5 55. Rd1 d2 56. Rh1+ Kg6
57. Rd1 Rc4 58. Kf2 Rc1 59. Ke2 h5 { White resigns } 0-1

[Event "ICC tourney 2413 (45 10)"]
[Site "Internet Chess Club"]
[Date "2021.02.27"]
[Round "2"]
[White "PARKER, MICHAEL WAYNE:BobbyFissure"]
[Black "YANG, ALLEN:aChessRookie"]
[Result "1-0"]
[ICCResult "Black checkmated"]
[WhiteElo "1504"]
[BlackElo "1323"]
[Opening "English: Anglo-Grünfeld defense"]
[ECO "A16"]
[NIC "EO.64"]
[Time "13:32:13"]
[PlyCount "67"]
[TimeControl "2700+10"]

1. c4 Nf6 2. Nc3 d5 3. cxd5 Nxd5 4. Qb3 Nxc3 5. Qxc3 Nc6 6. Nf3 Bf5 7. a3
Qd6 8. g3 O-O-O 9. Bg2 Nd4 10. d3 Bg4 11. Bf4 Qb6 12. Nxd4 Rxd4 13. Be3 e5
14. Bxd4 exd4 15. Qc2 Qe6 16. h3 Bf5 17. Rc1 c6 18. g4 Bg6 19. Be4 Bxe4 20.
dxe4 Bd6 21. b4 g5 22. Qd3 Rd8 23. b5 Bf4 24. Rc4 Kc7 25. bxc6 bxc6 26.
Rxd4 Rxd4 27. Qxd4 Qa2 28. Qxa7+ Kd6 29. Qd4+ Kc7 30. O-O Qxe2 31. Rd1 Qf3
32. Qd8+ Kb7 33. Rb1+ Ka7 34. Qa5# { Black checkmated } 1-0

[Event "ICC tourney 2413 (45 10)"]
[Site "Internet Chess Club"]
[Date "2021.02.27"]
[Round "2"]
[White "Templeton, Alexander:ajttja"]
[Black "GUNDRA, HEMTEJ:hemtej-g"]
[Result "1-0"]
[ICCResult "Black resigns"]
[WhiteElo "1695"]
[BlackElo "1547"]
[Opening "Sicilian: Hungarian variation"]
[ECO "B27"]
[NIC "SI.43"]
[Time "13:31:40"]
[PlyCount "95"]
[TimeControl "2700+10"]

1. e4 c5 2. Nf3 g6 3. d4 cxd4 4. Qxd4 Nf6 5. e5 Nc6 6. Qa4 Nd5 7. Bc4 Nb6
8. Qb3 Nxc4 9. Qxc4 Bg7 10. Bf4 Qa5+ 11. Qc3 Qxc3+ 12. Nxc3 O-O 13. O-O-O
e6 14. Ne4 f6 15. exf6 Bxf6 16. Bd6 Be7 17. h4 Bxd6 18. Nxd6 Nb4 19. a3 Nd5
20. h5 Kg7 21. hxg6 hxg6 22. Ng5 Rxf2 23. Rh7+ Kf8 24. Nxc8 Rxg2 25. Rf1+
Kg8 26. Nd6 Rxg5 27. Rfh1 Rh5 28. R7xh5 gxh5 29. Rxh5 Kg7 30. Nxb7 Rc8 31.
Kd2 Rb8 32. Nc5 d6 33. Nxe6+ Kf6 34. Rxd5 Kxe6 35. Ra5 Rxb2 36. Rxa7 Kd5
37. Kc3 Rb6 38. Ra5+ Kc6 39. Kd4 Rb2 40. c4 Rb3 41. a4 Rb6 42. Rb5 Ra6 43.
a5 Ra7 44. Ke4 Re7+ 45. Kf5 Ra7 46. Ke6 Rc7 47. a6 Ra7 48. Rd5 { Black
resigns } 1-0

[Event "ICC tourney 2413 (45 10)"]
[Site "Internet Chess Club"]
[Date "2021.02.27"]
[Round "2"]
[White "TREUSDELL , ROSS:IveDoneEnough"]
[Black "Shanmugam, Meera:artistqueen"]
[Result "1/2-1/2"]
[ICCResult "Game drawn by mutual agreement"]
[WhiteElo "1584"]
[BlackElo "1451"]
[Opening "King's gambit"]
[ECO "C30"]
[NIC "KG.05"]
[Time "13:31:36"]
[PlyCount "119"]
[TimeControl "2700+10"]

1. e4 e5 2. f4 Nc6 3. Bb5 f5 4. exf5 Qh4+ 5. g3 Qe7 6. Bxc6 exf4+ 7. Qe2
bxc6 8. Nh3 fxg3 9. hxg3 Qxe2+ 10. Kxe2 Nf6 11. Kf3 c5 12. Re1+ Be7 13. d3
Bb7+ 14. Kf2 Kd8 15. Nc3 Ng4+ 16. Kg1 Re8 17. Bg5 Bxg5 18. Nxg5 Rf8 19. Rf1
Ne3 20. Rf2 Rxf5 21. Rxf5 Nxf5 22. Rf1 Nxg3 23. Rf8+ Ke7 24. Rf7+ Kd6 25.
Rxg7 h5 26. Kh2 h4 27. Kh3 Nf5 28. Rf7 Ne3 29. Nce4+ Kc6 30. c3 Rh8 31. Nf3
d5 32. Ne5+ Kb5 33. Rxc7 Kb6 34. Rxb7+ Kxb7 35. Nxc5+ Kc7 36. Nf7 Rh7 37.
Ne6+ Kb6 38. Nfg5 Rh6 39. b3 Nd1 40. c4 dxc4 41. dxc4 Nc3 42. a4 a5 43. Nf4
Kc5 44. Nf3 Kb4 45. Nd4 Ne4 46. Nd5+ Ka3 47. Ne3 Nc5 48. Nef5 Rh5 49. Kg4
Rh8 50. Nxh4 Nxb3 51. Nc2+ Kxa4 52. Nf3 Rc8 53. Ne3 Kb4 54. Kf4 a4 55. Ne1
a3 56. N1c2+ Ka4 57. Ke5 a2 58. Nd5 a1=Q+ 59. Nxa1 Nxa1 60. Nb6+ { Game
drawn by mutual agreement } 1/2-1/2

[Event "ICC tourney 2413 (45 10)"]
[Site "Internet Chess Club"]
[Date "2021.02.27"]
[Round "2"]
[White "WANG, WILLIAM HUANG:needycinema"]
[Black "SUSANTO, RIDWAN:fhunfi"]
[Result "0-1"]
[ICCResult "White checkmated"]
[WhiteElo "1481"]
[BlackElo "1695"]
[Opening "Dutch defense"]
[ECO "A40"]
[NIC "QO.17"]
[Time "13:31:33"]
[PlyCount "78"]
[TimeControl "2700+10"]

1. d4 e6 2. c4 f5 3. Nf3 Nf6 4. Nc3 Bb4 5. e3 b6 6. Bd3 Bb7 7. a3 Bxc3+ 8.
bxc3 O-O 9. O-O d6 10. Re1 Ne4 11. Qc2 Qf6 12. Nd2 Qg6 13. f3 Nxd2 14. Qxd2
Bxf3 15. Rf1 Be4 16. Bb2 Nd7 17. Rf2 Nf6 18. Bf1 Qh6 19. g3 Ng4 20. Re2 Bf3
21. Ree1 Nf6 22. Bg2 Ne4 23. Qc2 Bxg2 24. Qxg2 Qg5 25. Re2 Rf6 26. Rf1 h5
27. Rf4 Raf8 28. Re1 Rg6 29. Ref1 e5 30. Rxe4 fxe4 31. Rxf8+ Kxf8 32. Qxe4
Kg8 33. c5 h4 34. cxd6 cxd6 35. dxe5 hxg3 36. Qf4 gxh2+ 37. Kf2 Qg2+ 38.
Ke1 h1=R+ 39. Qf1 Rxf1# { White checkmated } 0-1

[Event "ICC tourney 2413 (45 10)"]
[Site "Internet Chess Club"]
[Date "2021.02.27"]
[Round "2"]
[White "Sun, Ethan:ethansun188"]
[Black "JIANG, JASON:JasonJiang10"]
[Result "0-1"]
[ICCResult "White checkmated"]
[WhiteElo "1337"]
[BlackElo "1596"]
[Opening "Sicilian: dragon, Yugoslav attack, 7...O-O"]
[ECO "B76"]
[NIC "SI.17"]
[Time "13:32:13"]
[PlyCount "110"]
[TimeControl "2700+10"]

1. e4 c5 2. Nf3 d6 3. d4 cxd4 4. Nxd4 Nf6 5. Nc3 g6 6. Be3 Bg7 7. f3 O-O 8.
Qd2 Nc6 9. h4 h5 10. Be2 d5 11. Nxc6 bxc6 12. O-O-O Qc7 13. Rdg1 dxe4 14.
fxe4 Bg4 15. Bf3 Kh7 16. Qe2 Rab8 17. Rd1 Nxe4 18. Nxe4 Bxb2+ 19. Kd2 Qa5+
20. c3 Bxc3+ 21. Nxc3 Rb2+ 22. Ke1 Rxe2+ 23. Kxe2 Bxf3+ 24. gxf3 Qxc3 25.
Rd2 Qc4+ 26. Kf2 Rb8 27. Re2 Rb4 28. f4 Qe6 29. Bd2 Re4 30. Rxe4 Qxe4 31.
Re1 Qd4+ 32. Be3 Qd7 33. Rg1 Qh3 34. Bxa7 Qh2+ 35. Kf3 Qxa2 36. Be3 Qd5+
37. Ke2 c5 38. Kf2 c4 39. Rc1 Qd3 40. Kf3 c3 41. Kf2 c2 42. Kf3 Qf5 43. Rg1
e5 44. Rc1 e4+ 45. Kf2 Qh3 46. Bd2 Qf3+ 47. Kg1 e3 48. Rxc2 Qd1+ 49. Kg2
Qxc2 50. Kf3 exd2 51. Ke3 d1=Q 52. f5 Qcd3+ 53. Kf4 Qxf5+ 54. Kg3 Qff3+ 55.
Kh2 Qdh1# { White checkmated } 0-1

[Event "ICC tourney 2413 (45 10)"]
[Site "Internet Chess Club"]
[Date "2021.02.27"]
[Round "2"]
[White "RAO, SRIHAS:srihasrao"]
[Black "Nagarajan, Ramesh:rnagaraj"]
[Result "1-0"]
[ICCResult "Black resigns"]
[WhiteElo "1411"]
[BlackElo "1472"]
[Opening "QGD Slav defense: exchange variation"]
[ECO "D10"]
[NIC "SL.01"]
[Time "13:31:37"]
[PlyCount "79"]
[TimeControl "2700+10"]

1. d4 d5 2. c4 c6 3. cxd5 cxd5 4. Bf4 Nc6 5. Nc3 Bf5 6. e3 a6 7. Qb3 e6 8.
Qxb7 Nb4 9. Kd2 Qc8 10. Qxc8+ Rxc8 11. a3 Nc2 12. Bxa6 Rxc3 13. Kxc3 Nxa1
14. Nf3 Nc2 15. Nh4 Nxa3 16. bxa3 Bxa3 17. Nxf5 exf5 18. Bb7 Nf6 19. Ra1
Be7 20. Bc6+ Nd7 21. Bc7 Bd8 22. Bxd8 Kxd8 23. Ra8+ Kc7 24. Rxh8 Kxc6 25.
Rxh7 Kd6 26. Rxg7 Ke6 27. h4 Nf6 28. Kb4 Nh5 29. Rg5 Nf6 30. h5 Ne4 31. Rg3
Nxf2 32. h6 Ng4 33. Rxg4 fxg4 34. h7 Kf6 35. h8=Q+ Kf5 36. Qe5+ Kg6 37. Kc5
f6 38. Qe8+ Kg5 39. Kxd5 f5 40. Ke5 { Black resigns } 1-0

[Event "ICC tourney 2413 (45 10)"]
[Site "Internet Chess Club"]
[Date "2021.02.27"]
[Round "2"]
[White "RAJU, YAKSHWAG REDDY:Yakshwag"]
[Black "PATEL, ARAV:APBrain"]
[Result "1-0"]
[ICCResult "Black checkmated"]
[WhiteElo "1382"]
[BlackElo "1639"]
[Opening "Petrov's defense"]
[ECO "C42"]
[NIC "RG.03"]
[Time "13:31:38"]
[PlyCount "131"]
[TimeControl "2700+10"]

1. e4 e5 2. Nf3 Nf6 3. Nxe5 Nc6 4. Nf3 Nxe4 5. d4 d5 6. h3 Be7 7. Bd3 O-O
8. O-O f5 9. c4 Be6 10. Nc3 Nb4 11. cxd5 Bxd5 12. Nxd5 Qxd5 13. Be2 Rf6 14.
Ne5 b5 15. a3 Nc6 16. Be3 f4 17. Nxc6 Qxc6 18. d5 Qb7 19. Bd4 Rh6 20. Bf3
Ng5 21. Be5 Bd6 22. Re1 Qc8 23. Bg4 Qd8 24. Qd4 Rg6 25. Bxf4 Bxf4 26. Qxf4
h5 27. Be6+ Nxe6 28. Rxe6 Rxe6 29. dxe6 Qe7 30. Re1 Rf8 31. Qe5 Qf6 32. f4
Qxe5 33. Rxe5 Re8 34. f5 c6 35. g4 hxg4 36. hxg4 Kf8 37. g5 Ke7 38. b4 Kd6
39. Rc5 g6 40. f6 Rxe6 41. Rxc6+ Kd7 42. f7 Rxc6 43. f8=Q Rc1+ 44. Kf2 Rc2+
45. Ke3 Rc3+ 46. Kd4 Rc6 47. Kd5 Ra6 48. Qf7+ Kc8 49. Kc5 Rxa3 50. Kxb5 a6+
51. Kb6 Kd8 52. b5 Rd3 53. Qxg6 Rd7 54. Qg8+ Ke7 55. Qg7+ Ke6 56. Qxd7+
Kxd7 57. bxa6 Ke6 58. a7 Kf5 59. a8=Q Kxg5 60. Qf8 Kg6 61. Kc5 Kg5 62. Kd5
Kg6 63. Ke5 Kg5 64. Qg7+ Kh4 65. Kf4 Kh3 66. Qg3# { Black checkmated } 1-0

[Event "ICC tourney 2413 (45 10)"]
[Site "Internet Chess Club"]
[Date "2021.02.27"]
[Round "2"]
[White "Pulijala, Akshaj:akshajp"]
[Black "BRUDNO, STEPHEN:StevChess01"]
[Result "0-1"]
[ICCResult "White resigns"]
[WhiteElo "1392"]
[BlackElo "1661"]
[Opening "Queen's pawn game"]
[ECO "D00"]
[NIC "QP.07"]
[Time "13:31:24"]
[PlyCount "145"]
[TimeControl "2700+10"]

1. d4 Nf6 2. Nc3 d5 3. Bf4 e6 4. Nb5 Na6 5. e3 c6 6. Nc3 Be7 7. Bd3 O-O 8.
Nf3 Nc7 9. O-O c5 10. dxc5 Bxc5 11. e4 dxe4 12. Nxe4 Nxe4 13. Bxe4 Qxd1 14.
Raxd1 Ne8 15. Bd3 Nf6 16. Bg5 Be7 17. Bxf6 Bxf6 18. c3 Rb8 19. Rfe1 g6 20.
Ne5 Rd8 21. Ng4 Be7 22. Ne3 b6 23. Be4 Ba6 24. Bf3 Rxd1 25. Rxd1 Rd8 26.
Rxd8+ Bxd8 27. Nd1 f5 28. b3 Kf7 29. c4 Bf6 30. Ne3 Bd4 31. Nc2 Bc5 32. Be2
e5 33. b4 Be7 34. a3 Bb7 35. Ne3 Ke6 36. g3 Bg5 37. Kf1 Bxe3 38. fxe3 e4
39. a4 Bc6 40. b5 Be8 41. Ke1 Kd6 42. Kd2 Kc5 43. Kc3 Bf7 44. h4 h6 45. Bf1
g5 46. hxg5 hxg5 47. Be2 Bg6 48. Kb3 f4 49. gxf4 gxf4 50. exf4 Kd4 51. Kb4
e3 52. a5 Bd3 53. Bh5 Bxc4 54. axb6 axb6 55. f5 e2 56. Bxe2 Bxe2 57. f6 Bc4
58. Ka4 Kc5 59. Ka3 Kxb5 60. Kb2 Kb4 61. Kc2 Bf7 62. Kb2 b5 63. Kc2 Ka3 64.
Kb1 Kb3 65. Ka1 Kc3 66. Kb1 Bg6+ 67. Kc1 Kb3 68. Kd2 Kb2 69. Kd1 b4 70. Kd2
b3 71. Kd1 Ka2 72. Kd2 b2 73. Kc3 { White resigns } 0-1